 Dungeon Crawl Stone Soup version 0.21-a0-536-gdbbf329 (webtiles) character file.

1932 slep the Cleaver (level 9, -4/46 HPs)
             Began as a Vine Stalker Gladiator on Dec 15, 2017.
             Was an Initiate of Okawaru.
             Slain by an orc warrior
             ... wielding a +0 scimitar
              (17 damage)
             ... on level 8 of the Dungeon.
             The game lasted 00:19:01 (4822 turns).

slep the Cleaver (Vine Stalker Gladiator)           Turns: 4822, Time: 00:19:02

Health: -4/46      AC:  9    Str: 20      XL:     9   Next: 17%
Magic:  0/10       EV: 12    Int:  8      God:    Okawaru [......]
Gold:   152        SH:  0    Dex: 16 (19) Spells: 8/8 levels left

rFire    . . .     SeeInvis +   a - +0 war axe
rCold    . . .     Gourm    .   (no shield)
rNeg     . . .     Faith    .   e - +0 scale mail
rPois    .         Spirit   +   c - +0 helmet
rElec    .         Reflect  .   (no cloak)
rCorr    .         Harm     .   k - +0 pair of gloves {Str+3}
MR       +....                  (no boots)
Stlth    ..........             (no amulet)
HPRegen  0.55/turn              x - ring of flight
MPRegen  0.12/turn              H - ring of see invisible

@: no status effects
A: fangs 3, regeneration 1, magic shield, antimagic bite, no potion heal 3, rot
immunity
a: Renounce Religion, Evoke Flight


You were on level 8 of the Dungeon.
You worshipped Okawaru.
Okawaru was noncommittal.
You were not hungry.

You visited 2 branches of the dungeon, and saw 9 of its levels.

You collected 299 gold pieces.
You spent 147 gold pieces at shops.

Inventory:

Hand Weapons
 a - a +0 war axe (weapon)
Missiles
 d - 5 throwing nets (quivered)
 G - 3 tomahawks
Armour
 b - a +0 leather armour
 c - a +0 helmet (worn)
 e - a +0 scale mail (worn)
 k - a +0 pair of gloves of strength (worn)
Jewellery
 x - a ring of flight (left hand)
 H - a ring of see invisible (right hand)
Wands
 t - a wand of enslavement (7)
Scrolls
 i - a scroll of blinking {unknown}
 l - a scroll of enchant weapon {unknown}
 m - 11 scrolls of identify {unknown}
 n - 4 scrolls of remove curse {unknown}
 o - 5 scrolls of teleportation {unknown}
 p - a scroll of amnesia {unknown}
 r - 2 scrolls of magic mapping {unknown}
 v - a scroll of immolation {unknown}
 y - a scroll of noise {unknown}
 z - 2 scrolls of fog {unknown}
 D - a scroll of fear {unknown}
Potions
 g - 2 potions of lignification
 j - 2 potions of flight
 s - a potion of haste
 A - 2 potions of agility
 B - a potion of might {unknown}
 F - 2 potions of curing {unknown}
Books
 u - a book of Geomancy

   Spells                             Type                      Level
   a - Sandblast                      Earth                        1
   b - Passwall                       Transmutation/Earth          2
   c - Stone Arrow                    Conjuration/Earth            3
   d - Petrify                        Transmutation/Earth          4
   e - Lee's Rapid Deconstruction     Earth                        5
Comestibles
 f - 4 bread rations
 h - a royal jelly
 q - 2 meat rations
 w - 7 fruits
 C - 3 chunks of flesh


   Skills:
 + Level 4.6 Fighting
 + Level 8.4 Axes
 + Level 1.9 Throwing
 + Level 4.0 Armour
 + Level 3.6 Dodging
 + Level 0.9 Stealth


You had 8 spell levels left.
You didn't know any spells.

Dungeon Overview and Level Annotations

Branches:
Dungeon (8/15)             Temple (1/1) D:6
   Lair: D:8-11

Altars:
Ashenzari
Cheibriados
Dithmenos
Elyvilon
Fedhas
Gozag
Hepliaklqana
Kikubaaqudgha
Makhleb
Nemelex Xobeh
Okawaru
Qazlal
Ru
Sif Muna
Trog
Vehumet
Wu Jian
Xom
Yredelemnul
Zin

Shops:
D:4 %   D:5 *


Innate Abilities, Weirdness & Mutations

You have razor-sharp teeth.
Your natural rate of healing is unusually fast.
When hurt, damage is shared between your health and your magic reserves.
Your bite disrupts and absorbs the magic of your enemies.
Potions cannot restore your health.
You are immune to rotting.


Message History

You kill the orc priest!
Okawaru accepts your kill.
The orc moves out of view.
You hit the orc warrior. You bite the orc warrior. You drain its power.
The orc warrior is lightly wounded.
The orc warrior hits you with a scimitar.
An orc comes into view. It is wielding a club.
You hit the orc warrior. You bite the orc warrior. You drain its power.
You feel invigorated.
The orc warrior is moderately wounded.
The orc moves out of view.
The orc warrior hits you with a scimitar!
You closely miss the orc warrior. Your bite misses the orc warrior.
The orc warrior is moderately wounded.
The orc warrior hits you with a scimitar!
* * * LOW HITPOINT WARNING * * *
You closely miss the orc warrior. Your bite misses the orc warrior.
The orc warrior is moderately wounded.
The orc warrior hits you with a scimitar!!
You die...

### #.. #.# #.#
#####.###.#
#....@oo.o#
#.###.###...#
#.# #.# .
#.###.#
#.#...###.#
#..........
###.#####.#
#####....##.#.#.
#...............


You could see an orc warrior and 2 orcs.

Vanquished Creatures
  The ghost of felt the Skirmisher, a novice DsAK of Lugonu (D:6)
  Menkaure (D:6)
  An ice beast (D:7)
  2 phantoms
  An ogre (D:5)
  A centaur (D:5)
  A crocodile (D:7)
  2 bullfrogs
  2 scorpions (D:6)
  A howler monkey (D:6)
  3 crimson imps
  A centaur zombie (D:5)
  2 hounds
  3 orc priests
  A centaur skeleton (D:5)
  2 bullfrog skeletons
  An iguana (D:7)
  2 orc wizards
  A worker ant (D:6)
  A hound skeleton (D:7)
  3 gnolls (D:3)
  A howler monkey zombie (D:6)
  9 adders
  3 shadow imps
  An ooze (D:4)
  An adder skeleton (D:3)
  5 worms
  2 dart slugs
  5 leopard geckos
  10 orcs
  A ball python (D:1)
  4 giant cockroaches
  7 goblins
  7 hobgoblins
  7 jackals
  11 kobolds
  5 quokkas
  9 bats
  3 frilled lizards
  A giant cockroach zombie (D:6)
  A jackal skeleton (D:6)
  5 rats
131 creatures vanquished.

Notes
Turn   | Place    | Note
-------+----------+-------------------------------------------
     0 | D:1      | slep the Vine Stalker Gladiator began the quest for the Orb.
     0 | D:1      | Reached XP level 1. HP: 11/11 MP: 2/2
    29 | D:1      | Reached XP level 2. HP: 13/15 MP: 0/3
   150 | D:2      | Reached skill level 3 in Axes
   273 | D:2      | Found an ancient bone altar of Kikubaaqudgha.
   282 | D:2      | Reached XP level 3. HP: 17/18 MP: 4/4
   600 | D:4      | Gained mutation: Your natural rate of healing is unusually fast. [Vine Stalker growth]
   600 | D:4      | Reached XP level 4. HP: 22/23 MP: 5/5
   656 | D:4      | Reached skill level 4 in Axes
   664 | D:4      | Found a snail-covered altar of Cheibriados.
   693 | D:4      | Noticed a phantom
   738 | D:4      | Killed a phantom
   738 | D:4      | Reached XP level 5. HP: 18/27 MP: 4/6
   756 | D:5      | Entered Level 5 of the Dungeon
   772 | D:5      | Noticed a phantom
   773 | D:5      | Noticed an ogre
   823 | D:4      | Reached XP level 6. HP: 32/32 MP: 7/7
   829 | D:4      | Reached skill level 1 in Armour
   857 | D:5      | Reached skill level 5 in Axes
  1056 | D:6      | Reached XP level 7. HP: 14/36 MP: 4/8
  1058 | D:6      | Noticed felt's ghost (novice DsAK)
  1309 | D:6      | You fall through a shaft!
  1401 | D:7      | Reached skill level 6 in Axes
  1410 | D:7      | Found a shadowy altar of Dithmenos.
  1410 | D:7      | Found a bloodstained altar of Trog.
  1632 | D:7      | Gained mutation: You have razor-sharp teeth. [Vine Stalker growth]
  1632 | D:7      | Reached XP level 8. HP: 42/42 MP: 9/9
  2061 | D:5      | Reached skill level 7 in Axes
  2164 | D:4      | Found Sosyston's Food Shop.
  2275 | D:3      | Found an opulent altar of Gozag.
  2494 | D:3      | Found a white marble altar of Elyvilon.
  2527 | D:3      | Found a faded altar of an unknown god.
  3683 | D:4      | Found a sacrificial altar of Ru.
  4013 | D:5      | Found Keewkod's Assorted Antiques.
  4027 | D:5      | Bought a scroll labeled JEIKLEFIRPH for 26 gold pieces
  4027 | D:5      | Bought a puce potion for 23 gold pieces
  4027 | D:5      | Bought a scroll labeled KODEASCHYEST for 26 gold pieces
  4027 | D:5      | Bought 2 lumpy yellow potions for 46 gold pieces
  4027 | D:5      | Bought a scroll labeled ZOAFUD JYBUEC for 26 gold pieces
  4311 | D:6      | Noticed Menkaure
  4327 | D:6      | Killed Menkaure
  4465 | D:6      | Killed felt's ghost
  4465 | D:6      | Reached skill level 8 in Axes
  4465 | D:6      | Reached XP level 9. HP: 16/46 MP: 8/10
  4527 | D:6      | Found a staircase to the Ecumenical Temple.
  4536 | Temple   | Entered the Ecumenical Temple
  4632 | Temple   | Became a worshipper of Warmaster Okawaru
  4822 | D:8      | Slain by an orc warrior

Vault maps used:
D:1:      dpeg_arrival_tiny_h
D:2:      old_standard_altar, nrook_mini_vaults
D:3:      elyvilon_altar_4, old_standard_altar, chequers_ecumenical_altar_lobes,
          grunt_decor_one_mirror, minmay_mini_jars
D:4:      kennysheep_slug_shrine, serial_shops, kennysheep_little_box,
          nicolae_ru_the_path_less_chosen
D:5:      first_bread, serial_shops, shop
D:6:      minmay_temple_entry_large_hall, uniq_menkaure
D:7:      gammafunk_temple_overflow_pools
D:8:      serial_shops, shop, shop, nicolae_shop_stone, shop, shop,
          blue_anna_alchemist, serial_park_tiny_pond
Temple:   regret_index_temple_sphere_string

Skill      XL: |  1  2  3  4  5  6  7  8 |
---------------+-------------------------+-----
Fighting       | 2 3 4 |  4.6
Axes           | 3 4 5 6 8 |  8.4
Dodging        | 3 |  3.6
Armour         | 1 2 4 |  4.0
Throwing       | |  1.9
Stealth        | |  0.9

Action                   |  1- 3 |  4- 6 |  7- 9 || total
-------------------------+-------+-------+-------++-------
Melee: War axe           |    70 |    82 |   234 ||   386
       Bite              |    13 |    28 |    78 ||   119
  Use: Potion            |       |       |     5 ||     5
  Eat: Chunk             |       |     1 |    12 ||    13
Armor: Leather armour    |     6 |       |       ||     6
       Scale mail        |    31 |    35 |    89 ||   155
       Skin              |       |       |     2 ||     2
Dodge: Dodged            |    32 |    47 |   143 ||   222

Table legend:
 A = Spawn XP
 B = Non-spawn XP
 C = Spawn XP percentage of total XP
 D = Spawn monster count
 E = Non-spawn monster count
 F = Spawn count percentage of total count
 G = Total turns spent on level
                    A         B        C        D         E        F      G
               +---------+---------+-------+---------+---------+-------+---------
         Total |       0 |    2761 |   0.0 |       0 |     131 |   0.0 |  4822
               +---------+---------+-------+---------+---------+-------+---------
           D:1 |       0 |      36 |   0.0 |       0 |      20 |   0.0 |   569
           D:2 |       0 |      46 |   0.0 |       0 |      23 |   0.0 |   594
           D:3 |       0 |     103 |   0.0 |       0 |      24 |   0.0 |   882
           D:4 |       0 |     320 |   0.0 |       0 |      13 |   0.0 |   422
           D:5 |       0 |     545 |   0.0 |       0 |      15 |   0.0 |   974
           D:6 |       0 |    1101 |   0.0 |       0 |      21 |   0.0 |   594
           D:7 |       0 |     554 |   0.0 |       0 |      12 |   0.0 |   639
           D:8 |       0 |      56 |   0.0 |       0 |       3 |   0.0 |    38
               +---------+---------+-------+---------+---------+-------+---------
